 Dungeon Crawl Stone Soup version 0.31.0-11-ge490571c62 (webtiles) character file.

Game seed: 2622685930272376194

512 Ivernyr the Shield-Bearer (level 7, -2/42 (55) HPs)
             Began as a Formicid Fighter on Feb 7, 2024.
             Slain by an ogre
             ... wielding a +0 giant club
              (22 damage)
             ... on level 6 of the Dungeon.
             The game lasted 00:08:36 (4057 turns).

Ivernyr the Shield-Bearer (Formicid Fighter)        Turns: 4057, Time: 00:08:36

HP:   -2/42 (55)    AC: 12    Str: 22    XL:     7   Next: 43%
MP:   7/7           EV:  8    Int:  8    God:
Gold: 233           SH:  5    Dex: 13    Spells: 6/6 levels left

rFire   . . .        a - +0 quarterstaff
rCold   + . .        c - +0 buckler
rNeg    . . .        b - +2 chain mail {rC+}
rPois   .            (helmet unavailable)
rElec   .            (no cloak)
rCorr   .            (no gloves)
SInv    +            j - +0 pair of boots
Will    .....        (no amulet) Stlth
                     (no ring)
HPRegen 0.27/turn    (no ring)
MPRegen 0.10/turn

%: no passive effects
@: heavily drained
A: permanent stasis, dig shafts and tunnels, antennae 3, four strong arms
a: Dig, Shaft Self


You were on level 6 of the Dungeon.
You visited 1 branch of the dungeon, and saw 7 of its levels.

You collected 233 gold pieces.

Inventory:

Hand Weapons
 a - a +0 quarterstaff (weapon)
Armour
 b - a +2 chain mail of cold resistance (worn)
 c - a +0 buckler (worn)
 j - a +0 pair of boots (worn)
Wands
 n - a wand of quicksilver (10)
Scrolls
 e - 5 scrolls of identify {unknown}
 g - a scroll of blinking {unknown}
 i - 3 scrolls of vulnerability {unknown}
 k - a scroll of noise {unknown}
 l - a scroll of enchant weapon {unknown}
 o - a scroll of immolation {unknown}
 p - a scroll of amnesia {unknown}
 q - a scroll of silence {unknown}
 r - 3 scrolls of teleportation {unknown}
 s - a scroll of butterflies {unknown}
Potions
 d - a potion of resistance {unknown}
 f - a potion of curing
 h - 2 potions of brilliance {unknown}
 m - a potion of mutation {unknown}
 t - a potion of haste {unknown}


   Skills:
 + Level 4.8 Fighting
 * Level 5.0 Staves
 + Level 4.8 Armour
 + Level 5.9 Shields
 - Level 0.1 Evocations


You had 6 spell levels left.
You didn't know any spells.
Your spell library contained the following spells:

 Spells                   Type           Power      Damage    Failure   Level
 Kiss of Death            Conj/Necr      0%         2d5       97%         1
 Confusing Touch          Hex            0%         N/A       100%        3
 Hailstorm                Conj/Ice       0%         3d5       100%        3
 Summon Ice Beast         Ice/Summ       0%         N/A       100%        3
 Dispel Undead            Necr           0%         3d6       100%        4
 Sculpt Simulacrum        Ice/Alch       0%         N/A       100%        6


Dungeon Overview and Level Annotations

Branches:
Dungeon (7/15)
 Temple: D:4-7

Altars:
Zin

Shops:
D:4 [

Annotations:
D:4 Dowan, Duvessa


Innate Abilities, Weirdness & Mutations

You cannot be hasted, slowed, berserked, paralysed or teleported.
You can dig through walls and to a lower floor.
You have a pair of large antennae on your head. (SInv)
Your four strong arms can wield two-handed weapons with a shield.


Message History

* * * LOW HITPOINT WARNING * * *
You feel very sick.
It was a potion of curing.
You feel better.
You start resting.
HP restored.
Found a robe.
You sense a monster nearby.
You now have 233 gold pieces (gained 22).
Found a stone staircase leading up.
Found a stone staircase leading down.
There is a stone staircase leading up here.
You climb upwards.
There is a stone staircase leading down here.
A shadow imp comes into view.
Found a scroll labelled ZAONO LAKHLEOVAKK.
The shadow imp shouts!
You hear a shout!
An ogre comes into view. It is wielding a +0 giant club.
You barely miss the shadow imp. You block the shadow imp's attack.
You barely miss the shadow imp. The shadow imp barely misses you.
You closely miss the shadow imp.
The shadow imp hits you but does no damage.
You barely miss the shadow imp.
The shadow imp hits you but does no damage.
You sock the shadow imp!
The shadow imp is heavily wounded.
The shadow imp barely misses you.
You thump the shadow imp!
You kill the shadow imp!
Your Staves skill increases to level 5!
You hit the ogre.
The ogre is moderately wounded.
The ogre hits you with a +0 giant club!
You sock the ogre!
The ogre is severely wounded.
The ogre hits you with a +0 giant club!
You sock the ogre!
The ogre is almost dead.
The ogre hits you with a +0 giant club!!
Ouch! That really hurt!
You die...

#.# O
##.##
..,
#...#
?..
#...# .
..,
#...# ..
#.##...#
..
#...#.#
.# #.O.#
.#
###@#..#
#>..#
#####


You could see an ogre.

Vanquished Creatures
  Edmund (D:4)
  An ice beast (D:5)
  A howler monkey (D:4)
  A bombardier beetle (D:5)
  A hound (D:4)
  An orc wizard (D:4)
  6 gnolls
  4 adders
  A shadow imp (D:6)
  A ribbon worm (D:2)
  2 dart slugs
  12 orcs
  2 bats
  6 endoplasms
  2 giant cockroaches (D:1)
  5 goblins
  8 hobgoblins
  3 jackals (D:3)
  6 kobolds
  3 quokkas
  5 ball pythons
  7 frilled lizards
  A rat (D:2)
80 creatures vanquished.

Notes
Turn   | Place    | Note
-------+----------+-------------------------------------------
     0 | D:1      | Ivernyr the Formicid Fighter began the quest for the Orb.
     0 | D:1      | Reached XP level 1. HP: 18/18 MP: 1/1
   151 | D:1      | Reached XP level 2. HP: 24/24 MP: 2/2
   489 | D:1      | Reached XP level 3. HP: 26/29 MP: 3/3
  1178 | D:2      | Reached XP level 4. HP: 37/37 MP: 4/4
  1927 | D:3      | Reached XP level 5. HP: 22/42 MP: 5/5
  2079 | D:3      | Found a faded altar of an unknown god.
  2083 | D:3      | Found a glowing silver altar of Zin.
  2587 | D:4      | Reached skill level 5 in Shields
  2893 | D:4      | Reached XP level 6. HP: 36/48 MP: 6/6
  3046 | D:4      | Found Sogilahis's Armour Emporium.
  3275 | D:5      | Entered Level 5 of the Dungeon
  3276 | D:5      | Noticed Edmund
  3307 | D:4      | Killed Edmund
  3478 | D:5      | Noticed a water moccasin
  3493 | D:4      | Reached XP level 7. HP: 35/55 MP: 7/7
  3580 | D:5      | Noticed Duvessa
  3580 | D:5      | Noticed Dowan
  3598 | D:4      | You fall into a shaft and drop 1 floor!
  3843 | D:5      | Noticed a water moccasin
  3866 | D:5      | You fall into a shaft and drop 2 floors!
  3866 | D:7      | HP: 1/42 [poisoned by a water moccasin]
  4055 | D:6      | Reached skill level 5 in Staves
  4057 | D:6      | Slain by an ogre

Illustrated notes

Levels and vault maps discovered:
D:1:      roadster_arrival_rocket_large, layout_loops_cross
D:2:      layout_basic, serial_co_window_serial, co_window_of_opportunity_a,
          co_window_paths_a, co_window_corner_a, co_window_of_opportunity_a,
          co_window_of_opportunity_a, co_window_broadway_b, co_window_corner_cb,
          co_window_broadway_b, co_window_corner_b, co_window_paths_e,
          glass_columns_c, glass_columns_a
D:3:      layout_basic, nicolae_overflow_ecumenical_swirl
D:4:      layout_loops_ring, serial_shops, shop
D:5:      cheibrodos_thug_alley, layout_cave_pools, temple_green, serial_shops,
          shop, uniq_duvessa, uniq_crazy_yiuf_cottage, uniq_edmund
D:6:      layout_basic, uniq_prince_ribbit1
D:7:      layout_basic, uniq_joseph

Skill      XL: |  1  2  3  4  5  6  7 |
---------------+----------------------+-----
Staves         | 3 4 5 |  5.0
Armour         | 4 |  4.8
Fighting       | 4 |  4.8
Shields        | 5 |  5.9
Evocations     | |  0.1

Action                     |  1- 3 |  4- 6 |  7- 9 || total
---------------------------+-------+-------+-------++-------
  Melee: Quarterstaff      |    71 |   169 |    45 ||   285
Ability: Dig               |       |       |     2 ||     2
         Shaft Self        |       |       |     2 ||     2
    Use: Potion            |       |     1 |     1 ||     2
 Armour: Scale mail        |    34 |    85 |       ||   119
         Chain mail        |       |    25 |    44 ||    69
  Dodge: Dodged            |    31 |    63 |    15 ||   109
  Block: Buckler           |    18 |    48 |    23 ||    89
